 Dungeon Crawl Stone Soup version 0.29.1-2-gbd0b4ee654 (webtiles) character file.

Game seed: 12341460574219131714

4 CBASSkasper the Ducker (level 1, 0/18 HPs)
             Began as a Minotaur Wanderer on Nov 11, 2022.
             Slain by a hobgoblin (3 damage)
             ... on level 2 of the Dungeon.
             The game lasted 00:01:18 (87 turns).

CBASSkasper the Ducker (Minotaur Wanderer)            Turns: 87, Time: 00:01:18

Health: 0/18       AC:  3    Str: 17    XL:     1   Next: 58%
Magic:  0/0        EV: 12    Int:  9    God:
Gold:   0          SH:  0    Dex:  8    Spells: 0/0 levels left

rFire   . . .      SeeInvis .   a - +0 club
rCold   . . .      Faith    .   (no shield)
rNeg    . . .      Spirit   .   f - +0 leather armour
rPois   .          Reflect  .   (helmet restricted)
rElec   .          Harm     .   (no cloak)
rCorr   .          Rampage  .   (no gloves)
Will    .....                   (no boots)
Stlth   +.........              (no amulet)
HPRegen 0.06/turn               (no ring)
MPRegen 0.07/turn               (no ring)

@: no status effects
A: horns 2, retaliatory headbutt
a: no special abilities


You were on level 2 of the Dungeon.
You visited 1 branch of the dungeon, and saw 2 of its levels.

Inventory:

Hand Weapons
 a - a +0 club (weapon)
Missiles
 b - 4 throwing nets (quivered)
 g - 5 stones
Armour
 f - a +0 leather armour (worn)
Scrolls
 e - a scroll of teleportation
Potions
 c - a potion of attraction
 d - a potion of lignification
 h - a potion of might {unknown}


   Skills:
 + Level 2.5 Fighting
 * Level 0.5 Maces & Flails
 + Level 1.3 Armour
 + Level 5.5 Dodging
 - Level 1.1 Unarmed Combat
 + Level 1.0 Evocations


You couldn't memorise any spells.
You didn't know any spells.
Your spell library was empty.

Dungeon Overview and Level Annotations

Branches:
Dungeon (1/15)

Altars:

Annotations:
D:2 Natasha


Innate Abilities, Weirdness & Mutations

You have a pair of horns on your head.
You reflexively headbutt those who attack you in melee.


Message History

The hobgoblin is heavily wounded.
The endoplasm misses you.
The hobgoblin hits you but does no damage.
You barely miss the hobgoblin.
The hobgoblin is heavily wounded.
The endoplasm freezes you.
You are frozen.
The hobgoblin barely misses you.
You hit the hobgoblin.
The hobgoblin is almost dead.
The endoplasm freezes you.
You are frozen.
The hobgoblin hits you.
Natasha casts a spell.
The hobgoblin hits you.
* * * LOW HITPOINT WARNING * * *
The endoplasm hits you but does no damage.
The endoplasm hits you.
* * * LOW HITPOINT WARNING * * *
There is an open door here.
The iron imp puffs mist at you.
You barely miss the endoplasm. The endoplasm freezes you.
You are frozen.
* * * LOW HITPOINT WARNING * * *
You hit the endoplasm.
You headbutt the endoplasm, but do no damage.
The endoplasm is severely wounded.
Natasha mumbles some strange words.
The endoplasm hits you but does no damage.
You hit the endoplasm.
You kill the endoplasm!
The iron imp grinds its teeth.
You closely miss the hobgoblin.
The hobgoblin is almost dead.
The hobgoblin barely misses you.
The hobgoblin hits you but does no damage.
You completely miss the hobgoblin.
The hobgoblin is almost dead.
The iron imp shouts, "Take thy face hence, thou dankish rump-fed bootlicker!"
The hobgoblin hits you.
You die...

........# ..$.....#
........## #.......#
#.......+ ##.......#
.'.......+ #......h#####
#......5g@..#
#......5###.# #########
#.# #.# #.######
#..<...# #.####.#######
#.............
################†#######


You could see an iron imp (summoned), Natasha, a white imp (summoned) and a
hobgoblin.

Vanquished Creatures
  An endoplasm (D:2)
  A giant cockroach (D:2)
  A goblin (D:1)
  A ball python (D:2)
4 creatures vanquished.

Notes
Turn   | Place    | Note
-------+----------+-------------------------------------------
     0 | D:1      | CBASSkasper the Minotaur Wanderer began the quest for the
                  | Orb.
     0 | D:1      | CBASSkasper set off with the following items: a +0 club, 4
                  | throwing nets, a potion of attraction, a potion of
                  | lignification, a scroll of teleportation, a +0 leather
                  | armour.
     0 | D:1      | Reached XP level 1. HP: 18/18 MP: 0/0
    41 | D:1      | You fall into a shaft and drop 1 floor!
    75 | D:2      | Noticed Natasha
    77 | D:2      | Noticed an iron imp
    80 | D:2      | Noticed an iron imp
    87 | D:2      | Slain by a hobgoblin

Illustrated notes

Levels and vault maps discovered:
D:1:      dpeg_arrival_lava_temple_mockup, layout_rooms,
          hellmonk_ecumenical_altar_inner_sanctum
D:2:      layout_basic, uniq_jessica, uniq_natasha, uniq_terence

Action                   || total
-------------------------++-------
Melee: Club              ||    14
       Headbutt          ||     2
Armor: Leather armour    ||     4
Dodge: Dodged            ||    10
